AoeStats
← Mack Daddy

Socotra

506925436Analyzed
4v4 RM · 17d ago on Sep 15, 2026· 34m 5s· 8 players
Game mode
Random Map
Map size
148×148
Population
200
Speed
Normal
Resources
Standard
Victory
Conquest
Starting age
Dark Age
Ending age
Imperial Age
RankedLock teamsTeams togetherTeam positionsShared explorationLock speedFull tech treeHidden civsTurbo modeCheats
Victory
Defeat
🇩🇪 Spanish · Germany
930
+15
🇳🇴 Teutons · Norway
911
+16
🇧🇪 Romans · Belgium
880
+17
838
+19
🇨🇳 Portuguese · China
955
-45
🇨🇱 Vietnamese · Chile
945
-18
🇺🇸 Byzantines · United States
917
-17
🇨🇱 Japanese · Chile
810
-13
Mack Daddy
11:28 Feudal Age
11:57 Double-Bit Axe
13:12 Horse Collar
16:16 Fletching
18:03 Padded Archer Armor
21:10 Wheelbarrow
20:29 Gold Mining
26:29 Castle Age
26:34 Forging
26:29 Scale Barding Armor
27:18 Bloodlines
27:12 Husbandry
27:51 Iron Casting
28:17 Bow Saw
28:08 Heavy Plow
30:00 Loom
30:53 Chain Barding Armor
30:29 Bodkin Arrow
30:37 Scale Mail Armor
32:18 Gold Shaft Mining
33:06 Hand Cart
33:07 Stone Mining
andenore
14:09 Feudal Age
14:45 Man-at-Arms
17:28 Forging
17:19 Scale Mail Armor
18:32 Double-Bit Axe
18:40 Horse Collar
20:04 Wheelbarrow
21:27 Arson
31:40 Castle Age
32:38 Pikeman
34:08 Squires
Ana Nzinga of Mbande Ndogo
3:33 Loom
21:26 Feudal Age
24:40 Wheelbarrow
24:17 Horse Collar
24:54 Arson
27:34 Double-Bit Axe
27:54 Gold Mining
33:14 Castle Age
32:33 Fletching
33:51 Crossbowman
Mistăr
0:35 Loom
11:26 Feudal Age
12:16 Double-Bit Axe
12:13 Horse Collar
21:50 Castle Age
20:58 Gold Mining
21:22 Arson
22:59 Fletching
23:39 Bow Saw
23:31 Heavy Plow
25:36 Pikeman
26:18 Stone Mining
27:58 Squires
29:17 Bodkin Arrow
30:24 Ballistics
31:42 Forging
31:30 Murder Holes
31:47 Masonry
35:59 Imperial Age
Mapuche Mayer
0:27 Loom
BuDrakexn
12:22 Feudal Age
16:24 Man-at-Arms
17:28 Scale Mail Armor
22:38 Castle Age
22:57 Double-Bit Axe
25:07 Scale Barding Armor
25:29 Forging
34:06 Iron Casting
guachalin
1:48 Loom
14:20 Feudal Age
19:00 Double-Bit Axe
30:41 Castle Age
31:05 Gold Mining
31:49 Bow Saw
33:03 Horse Collar
CHillY1n
1:13 Loom
10:59 Feudal Age
13:40 Man-at-Arms
26:34 Wheelbarrow
28:56 Double-Bit Axe
35:10 Castle Age
Connection lost

Rejoining the realm…

Still unreachable

The connection could not be restored.

Session expired

The server has moved on; the page needs a fresh start.